%YAML 1.1
%TAG !u! tag:unity3d.com,2011:
--- !u!1 &4110032746598443689
GameObject:
  m_ObjectHideFlags: 0
  m_CorrespondingSourceObject: {fileID: 0}
  m_PrefabInstance: {fileID: 0}
  m_PrefabAsset: {fileID: 0}
  serializedVersion: 6
  m_Component:
  - component: {fileID: 8496260069462705050}
  m_Layer: 0
  m_Name: AllySpawnPoints
  m_TagString: Untagged
  m_Icon: {fileID: 0}
  m_NavMeshLayer: 0
  m_StaticEditorFlags: 0
  m_IsActive: 1
--- !u!4 &8496260069462705050
Transform:
  m_ObjectHideFlags: 0
  m_CorrespondingSourceObject: {fileID: 0}
  m_PrefabInstance: {fileID: 0}
  m_PrefabAsset: {fileID: 0}
  m_GameObject: {fileID: 4110032746598443689}
  m_LocalRotation: {x: -0, y: -0, z: -0, w: 1}
  m_LocalPosition: {x: 0, y: 0, z: 0}
  m_LocalScale: {x: 1, y: 1, z: 1}
  m_Children:
  - {fileID: 2230577910866809291}
  - {fileID: 2432435977998507431}
  - {fileID: 7350418534593349549}
  m_Father: {fileID: 7209151643971928766}
  m_RootOrder: 1
  m_LocalEulerAnglesHint: {x: 0, y: 0, z: 0}
--- !u!1 &4243494486081944932
GameObject:
  m_ObjectHideFlags: 0
  m_CorrespondingSourceObject: {fileID: 0}
  m_PrefabInstance: {fileID: 0}
  m_PrefabAsset: {fileID: 0}
  serializedVersion: 6
  m_Component:
  - component: {fileID: 7209151643971928766}
  m_Layer: 0
  m_Name: Level6
  m_TagString: Untagged
  m_Icon: {fileID: 0}
  m_NavMeshLayer: 0
  m_StaticEditorFlags: 0
  m_IsActive: 1
--- !u!4 &7209151643971928766
Transform:
  m_ObjectHideFlags: 0
  m_CorrespondingSourceObject: {fileID: 0}
  m_PrefabInstance: {fileID: 0}
  m_PrefabAsset: {fileID: 0}
  m_GameObject: {fileID: 4243494486081944932}
  m_LocalRotation: {x: 0, y: 0, z: 0, w: 1}
  m_LocalPosition: {x: 0, y: 0, z: 0}
  m_LocalScale: {x: 1, y: 1, z: 1}
  m_Children:
  - {fileID: 7415618465245215985}
  - {fileID: 8496260069462705050}
  - {fileID: 5073800469420948513}
  - {fileID: 3233977446914115351}
  - {fileID: 7267895746406938255}
  - {fileID: 8901404184810792631}
  - {fileID: 4487265511984156707}
  - {fileID: 4097551341689057348}
  - {fileID: 5073530325511018637}
  - {fileID: 4105800251277214908}
  - {fileID: 2337826791539489880}
  m_Father: {fileID: 0}
  m_RootOrder: 0
  m_LocalEulerAnglesHint: {x: 0, y: 0, z: 0}
--- !u!1 &7566043680135376759
GameObject:
  m_ObjectHideFlags: 0
  m_CorrespondingSourceObject: {fileID: 0}
  m_PrefabInstance: {fileID: 0}
  m_PrefabAsset: {fileID: 0}
  serializedVersion: 6
  m_Component:
  - component: {fileID: 5073800469420948513}
  m_Layer: 0
  m_Name: EnemySpawnPoints
  m_TagString: Untagged
  m_Icon: {fileID: 0}
  m_NavMeshLayer: 0
  m_StaticEditorFlags: 0
  m_IsActive: 1
--- !u!4 &5073800469420948513
Transform:
  m_ObjectHideFlags: 0
  m_CorrespondingSourceObject: {fileID: 0}
  m_PrefabInstance: {fileID: 0}
  m_PrefabAsset: {fileID: 0}
  m_GameObject: {fileID: 7566043680135376759}
  m_LocalRotation: {x: -0, y: -0, z: -0, w: 1}
  m_LocalPosition: {x: 0, y: 0, z: 0}
  m_LocalScale: {x: 1, y: 1, z: 1}
  m_Children:
  - {fileID: 1404377918553897338}
  - {fileID: 5380334516912499159}
  - {fileID: 3021701361815464888}
  m_Father: {fileID: 7209151643971928766}
  m_RootOrder: 2
  m_LocalEulerAnglesHint: {x: 0, y: 0, z: 0}
--- !u!1001 &917981078265965718
PrefabInstance:
  m_ObjectHideFlags: 0
  serializedVersion: 2
  m_Modification:
    m_TransformParent: {fileID: 7209151643971928766}
    m_Modifications:
    - target: {fileID: 7145597346314354851, guid: f195b6441e11ab14fbbd8d1ed41182c7, type: 3}
      propertyPath: m_Name
      value: obstacle08 (1)
      objectReference: {fileID: 0}
    - target: {fileID: 7521453664678631961, guid: f195b6441e11ab14fbbd8d1ed41182c7, type: 3}
      propertyPath: m_RootOrder
      value: 4
      objectReference: {fileID: 0}
    - target: {fileID: 7521453664678631961, guid: f195b6441e11ab14fbbd8d1ed41182c7, type: 3}
      propertyPath: m_LocalPosition.x
      value: 10
      objectReference: {fileID: 0}
    - target: {fileID: 7521453664678631961, guid: f195b6441e11ab14fbbd8d1ed41182c7, type: 3}
      propertyPath: m_LocalPosition.y
      value: 0.000027894974
      objectReference: {fileID: 0}
    - target: {fileID: 7521453664678631961, guid: f195b6441e11ab14fbbd8d1ed41182c7, type: 3}
      propertyPath: m_LocalPosition.z
      value: 37.842125
      objectReference: {fileID: 0}
    - target: {fileID: 7521453664678631961, guid: f195b6441e11ab14fbbd8d1ed41182c7, type: 3}
      propertyPath: m_LocalRotation.w
      value: 8.270717e-12
      objectReference: {fileID: 0}
    - target: {fileID: 7521453664678631961, guid: f195b6441e11ab14fbbd8d1ed41182c7, type: 3}
      propertyPath: m_LocalRotation.x
      value: 1
      objectReference: {fileID: 0}
    - target: {fileID: 7521453664678631961, guid: f195b6441e11ab14fbbd8d1ed41182c7, type: 3}
      propertyPath: m_LocalRotation.y
      value: 0.0000029504295
      objectReference: {fileID: 0}
    - target: {fileID: 7521453664678631961, guid: f195b6441e11ab14fbbd8d1ed41182c7, type: 3}
      propertyPath: m_LocalRotation.z
      value: -0.0000029504297
      objectReference: {fileID: 0}
    - target: {fileID: 7521453664678631961, guid: f195b6441e11ab14fbbd8d1ed41182c7, type: 3}
      propertyPath: m_LocalEulerAnglesHint.x
      value: 0
      objectReference: {fileID: 0}
    - target: {fileID: 7521453664678631961, guid: f195b6441e11ab14fbbd8d1ed41182c7, type: 3}
      propertyPath: m_LocalEulerAnglesHint.y
      value: 180
      objectReference: {fileID: 0}
    - target: {fileID: 7521453664678631961, guid: f195b6441e11ab14fbbd8d1ed41182c7, type: 3}
      propertyPath: m_LocalEulerAnglesHint.z
      value: 180
      objectReference: {fileID: 0}
    m_RemovedComponents: []
  m_SourcePrefab: {fileID: 100100000, guid: f195b6441e11ab14fbbd8d1ed41182c7, type: 3}
--- !u!4 &7267895746406938255 stripped
Transform:
  m_CorrespondingSourceObject: {fileID: 7521453664678631961, guid: f195b6441e11ab14fbbd8d1ed41182c7, type: 3}
  m_PrefabInstance: {fileID: 917981078265965718}
  m_PrefabAsset: {fileID: 0}
--- !u!1001 &1434873326578728110
PrefabInstance:
  m_ObjectHideFlags: 0
  serializedVersion: 2
  m_Modification:
    m_TransformParent: {fileID: 7209151643971928766}
    m_Modifications:
    - target: {fileID: 7145597346314354851, guid: f195b6441e11ab14fbbd8d1ed41182c7, type: 3}
      propertyPath: m_Name
      value: obstacle08 (2)
      objectReference: {fileID: 0}
    - target: {fileID: 7521453664678631961, guid: f195b6441e11ab14fbbd8d1ed41182c7, type: 3}
      propertyPath: m_RootOrder
      value: 5
      objectReference: {fileID: 0}
    - target: {fileID: 7521453664678631961, guid: f195b6441e11ab14fbbd8d1ed41182c7, type: 3}
      propertyPath: m_LocalPosition.x
      value: 29
      objectReference: {fileID: 0}
    - target: {fileID: 7521453664678631961, guid: f195b6441e11ab14fbbd8d1ed41182c7, type: 3}
      propertyPath: m_LocalPosition.y
      value: 0
      objectReference: {fileID: 0}
    - target: {fileID: 7521453664678631961, guid: f195b6441e11ab14fbbd8d1ed41182c7, type: 3}
      propertyPath: m_LocalPosition.z
      value: -73.3
      objectReference: {fileID: 0}
    - target: {fileID: 7521453664678631961, guid: f195b6441e11ab14fbbd8d1ed41182c7, type: 3}
      propertyPath: m_LocalRotation.w
      value: -1
      objectReference: {fileID: 0}
    - target: {fileID: 7521453664678631961, guid: f195b6441e11ab14fbbd8d1ed41182c7, type: 3}
      propertyPath: m_LocalRotation.x
      value: -0
      objectReference: {fileID: 0}
    - target: {fileID: 7521453664678631961, guid: f195b6441e11ab14fbbd8d1ed41182c7, type: 3}
      propertyPath: m_LocalRotation.y
      value: 0.0000059604645
      objectReference: {fileID: 0}
    - target: {fileID: 7521453664678631961, guid: f195b6441e11ab14fbbd8d1ed41182c7, type: 3}
      propertyPath: m_LocalRotation.z
      value: -0
      objectReference: {fileID: 0}
    - target: {fileID: 7521453664678631961, guid: f195b6441e11ab14fbbd8d1ed41182c7, type: 3}
      propertyPath: m_LocalEulerAnglesHint.x
      value: 0
      objectReference: {fileID: 0}
    - target: {fileID: 7521453664678631961, guid: f195b6441e11ab14fbbd8d1ed41182c7, type: 3}
      propertyPath: m_LocalEulerAnglesHint.y
      value: 359.999
      objectReference: {fileID: 0}
    - target: {fileID: 7521453664678631961, guid: f195b6441e11ab14fbbd8d1ed41182c7, type: 3}
      propertyPath: m_LocalEulerAnglesHint.z
      value: 0
      objectReference: {fileID: 0}
    m_RemovedComponents: []
  m_SourcePrefab: {fileID: 100100000, guid: f195b6441e11ab14fbbd8d1ed41182c7, type: 3}
--- !u!4 &8901404184810792631 stripped
Transform:
  m_CorrespondingSourceObject: {fileID: 7521453664678631961, guid: f195b6441e11ab14fbbd8d1ed41182c7, type: 3}
  m_PrefabInstance: {fileID: 1434873326578728110}
  m_PrefabAsset: {fileID: 0}
--- !u!1001 &1721181966120256109
PrefabInstance:
  m_ObjectHideFlags: 0
  serializedVersion: 2
  m_Modification:
    m_TransformParent: {fileID: 8496260069462705050}
    m_Modifications:
    - target: {fileID: 3693209059770686460, guid: 931cceb7ae665ba48bc577855d17ba39, type: 3}
      propertyPath: SpawnSize
      value: 4
      objectReference: {fileID: 0}
    - target: {fileID: 3693209059770686460, guid: 931cceb7ae665ba48bc577855d17ba39, type: 3}
      propertyPath: _SpawnDelay
      value: 5
      objectReference: {fileID: 0}
    - target: {fileID: 3901069743797510090, guid: 931cceb7ae665ba48bc577855d17ba39, type: 3}
      propertyPath: m_RootOrder
      value: 1
      objectReference: {fileID: 0}
    - target: {fileID: 3901069743797510090, guid: 931cceb7ae665ba48bc577855d17ba39, type: 3}
      propertyPath: m_LocalPosition.x
      value: -25
      objectReference: {fileID: 0}
    - target: {fileID: 3901069743797510090, guid: 931cceb7ae665ba48bc577855d17ba39, type: 3}
      propertyPath: m_LocalPosition.y
      value: 0
      objectReference: {fileID: 0}
    - target: {fileID: 3901069743797510090, guid: 931cceb7ae665ba48bc577855d17ba39, type: 3}
      propertyPath: m_LocalPosition.z
      value: -90
      objectReference: {fileID: 0}
    - target: {fileID: 3901069743797510090, guid: 931cceb7ae665ba48bc577855d17ba39, type: 3}
      propertyPath: m_LocalRotation.w
      value: 1
      objectReference: {fileID: 0}
    - target: {fileID: 3901069743797510090, guid: 931cceb7ae665ba48bc577855d17ba39, type: 3}
      propertyPath: m_LocalRotation.x
      value: -0
      objectReference: {fileID: 0}
    - target: {fileID: 3901069743797510090, guid: 931cceb7ae665ba48bc577855d17ba39, type: 3}
      propertyPath: m_LocalRotation.y
      value: -0
      objectReference: {fileID: 0}
    - target: {fileID: 3901069743797510090, guid: 931cceb7ae665ba48bc577855d17ba39, type: 3}
      propertyPath: m_LocalRotation.z
      value: -0
      objectReference: {fileID: 0}
    - target: {fileID: 3901069743797510090, guid: 931cceb7ae665ba48bc577855d17ba39, type: 3}
      propertyPath: m_LocalEulerAnglesHint.x
      value: 0
      objectReference: {fileID: 0}
    - target: {fileID: 3901069743797510090, guid: 931cceb7ae665ba48bc577855d17ba39, type: 3}
      propertyPath: m_LocalEulerAnglesHint.y
      value: 0
      objectReference: {fileID: 0}
    - target: {fileID: 3901069743797510090, guid: 931cceb7ae665ba48bc577855d17ba39, type: 3}
      propertyPath: m_LocalEulerAnglesHint.z
      value: 0
      objectReference: {fileID: 0}
    - target: {fileID: 3901069743797510094, guid: 931cceb7ae665ba48bc577855d17ba39, type: 3}
      propertyPath: m_Name
      value: Spawner (1)
      objectReference: {fileID: 0}
    - target: {fileID: 3901069743797510094, guid: 931cceb7ae665ba48bc577855d17ba39, type: 3}
      propertyPath: m_IsActive
      value: 1
      objectReference: {fileID: 0}
    m_RemovedComponents: []
  m_SourcePrefab: {fileID: 100100000, guid: 931cceb7ae665ba48bc577855d17ba39, type: 3}
--- !u!4 &2432435977998507431 stripped
Transform:
  m_CorrespondingSourceObject: {fileID: 3901069743797510090, guid: 931cceb7ae665ba48bc577855d17ba39, type: 3}
  m_PrefabInstance: {fileID: 1721181966120256109}
  m_PrefabAsset: {fileID: 0}
--- !u!1001 &2291310911723418738
PrefabInstance:
  m_ObjectHideFlags: 0
  serializedVersion: 2
  m_Modification:
    m_TransformParent: {fileID: 5073800469420948513}
    m_Modifications:
    - target: {fileID: 3693209059770686460, guid: 2fdbff2f5952f6a468157e5a4c3fba2d, type: 3}
      propertyPath: SpawnSize
      value: 7
      objectReference: {fileID: 0}
    - target: {fileID: 3693209059770686460, guid: 2fdbff2f5952f6a468157e5a4c3fba2d, type: 3}
      propertyPath: _SpawnDelay
      value: 5
      objectReference: {fileID: 0}
    - target: {fileID: 3901069743797510090, guid: 2fdbff2f5952f6a468157e5a4c3fba2d, type: 3}
      propertyPath: m_RootOrder
      value: 2
      objectReference: {fileID: 0}
    - target: {fileID: 3901069743797510090, guid: 2fdbff2f5952f6a468157e5a4c3fba2d, type: 3}
      propertyPath: m_LocalPosition.x
      value: 25
      objectReference: {fileID: 0}
    - target: {fileID: 3901069743797510090, guid: 2fdbff2f5952f6a468157e5a4c3fba2d, type: 3}
      propertyPath: m_LocalPosition.y
      value: 0
      objectReference: {fileID: 0}
    - target: {fileID: 3901069743797510090, guid: 2fdbff2f5952f6a468157e5a4c3fba2d, type: 3}
      propertyPath: m_LocalPosition.z
      value: 50
      objectReference: {fileID: 0}
    - target: {fileID: 3901069743797510090, guid: 2fdbff2f5952f6a468157e5a4c3fba2d, type: 3}
      propertyPath: m_LocalRotation.w
      value: 1
      objectReference: {fileID: 0}
    - target: {fileID: 3901069743797510090, guid: 2fdbff2f5952f6a468157e5a4c3fba2d, type: 3}
      propertyPath: m_LocalRotation.x
      value: -0
      objectReference: {fileID: 0}
    - target: {fileID: 3901069743797510090, guid: 2fdbff2f5952f6a468157e5a4c3fba2d, type: 3}
      propertyPath: m_LocalRotation.y
      value: -0
      objectReference: {fileID: 0}
    - target: {fileID: 3901069743797510090, guid: 2fdbff2f5952f6a468157e5a4c3fba2d, type: 3}
      propertyPath: m_LocalRotation.z
      value: -0
      objectReference: {fileID: 0}
    - target: {fileID: 3901069743797510090, guid: 2fdbff2f5952f6a468157e5a4c3fba2d, type: 3}
      propertyPath: m_LocalEulerAnglesHint.x
      value: 0
      objectReference: {fileID: 0}
    - target: {fileID: 3901069743797510090, guid: 2fdbff2f5952f6a468157e5a4c3fba2d, type: 3}
      propertyPath: m_LocalEulerAnglesHint.y
      value: 0
      objectReference: {fileID: 0}
    - target: {fileID: 3901069743797510090, guid: 2fdbff2f5952f6a468157e5a4c3fba2d, type: 3}
      propertyPath: m_LocalEulerAnglesHint.z
      value: 0
      objectReference: {fileID: 0}
    - target: {fileID: 3901069743797510094, guid: 2fdbff2f5952f6a468157e5a4c3fba2d, type: 3}
      propertyPath: m_Name
      value: SpawnerEnemyTent (1)
      objectReference: {fileID: 0}
    - target: {fileID: 3901069743797510094, guid: 2fdbff2f5952f6a468157e5a4c3fba2d, type: 3}
      propertyPath: m_IsActive
      value: 1
      objectReference: {fileID: 0}
    m_RemovedComponents: []
  m_SourcePrefab: {fileID: 100100000, guid: 2fdbff2f5952f6a468157e5a4c3fba2d, type: 3}
--- !u!4 &3021701361815464888 stripped
Transform:
  m_CorrespondingSourceObject: {fileID: 3901069743797510090, guid: 2fdbff2f5952f6a468157e5a4c3fba2d, type: 3}
  m_PrefabInstance: {fileID: 2291310911723418738}
  m_PrefabAsset: {fileID: 0}
--- !u!1001 &2692651224944977584
PrefabInstance:
  m_ObjectHideFlags: 0
  serializedVersion: 2
  m_Modification:
    m_TransformParent: {fileID: 5073800469420948513}
    m_Modifications:
    - target: {fileID: 3693209059770686460, guid: c6a64837bf9291a42a346ccd1ad278b8, type: 3}
      propertyPath: SpawnSize
      value: 10
      objectReference: {fileID: 0}
    - target: {fileID: 3693209059770686460, guid: c6a64837bf9291a42a346ccd1ad278b8, type: 3}
      propertyPath: _SpawnDelay
      value: 5
      objectReference: {fileID: 0}
    - target: {fileID: 3901069743797510090, guid: c6a64837bf9291a42a346ccd1ad278b8, type: 3}
      propertyPath: m_RootOrder
      value: 0
      objectReference: {fileID: 0}
    - target: {fileID: 3901069743797510090, guid: c6a64837bf9291a42a346ccd1ad278b8, type: 3}
      propertyPath: m_LocalPosition.x
      value: 0
      objectReference: {fileID: 0}
    - target: {fileID: 3901069743797510090, guid: c6a64837bf9291a42a346ccd1ad278b8, type: 3}
      propertyPath: m_LocalPosition.y
      value: 0
      objectReference: {fileID: 0}
    - target: {fileID: 3901069743797510090, guid: c6a64837bf9291a42a346ccd1ad278b8, type: 3}
      propertyPath: m_LocalPosition.z
      value: 66
      objectReference: {fileID: 0}
    - target: {fileID: 3901069743797510090, guid: c6a64837bf9291a42a346ccd1ad278b8, type: 3}
      propertyPath: m_LocalRotation.w
      value: 1
      objectReference: {fileID: 0}
    - target: {fileID: 3901069743797510090, guid: c6a64837bf9291a42a346ccd1ad278b8, type: 3}
      propertyPath: m_LocalRotation.x
      value: -0
      objectReference: {fileID: 0}
    - target: {fileID: 3901069743797510090, guid: c6a64837bf9291a42a346ccd1ad278b8, type: 3}
      propertyPath: m_LocalRotation.y
      value: -0
      objectReference: {fileID: 0}
    - target: {fileID: 3901069743797510090, guid: c6a64837bf9291a42a346ccd1ad278b8, type: 3}
      propertyPath: m_LocalRotation.z
      value: -0
      objectReference: {fileID: 0}
    - target: {fileID: 3901069743797510090, guid: c6a64837bf9291a42a346ccd1ad278b8, type: 3}
      propertyPath: m_LocalEulerAnglesHint.x
      value: 0
      objectReference: {fileID: 0}
    - target: {fileID: 3901069743797510090, guid: c6a64837bf9291a42a346ccd1ad278b8, type: 3}
      propertyPath: m_LocalEulerAnglesHint.y
      value: 0
      objectReference: {fileID: 0}
    - target: {fileID: 3901069743797510090, guid: c6a64837bf9291a42a346ccd1ad278b8, type: 3}
      propertyPath: m_LocalEulerAnglesHint.z
      value: 0
      objectReference: {fileID: 0}
    - target: {fileID: 3901069743797510094, guid: c6a64837bf9291a42a346ccd1ad278b8, type: 3}
      propertyPath: m_Name
      value: SpawnerCastle
      objectReference: {fileID: 0}
    - target: {fileID: 4283699853000715030, guid: c6a64837bf9291a42a346ccd1ad278b8, type: 3}
      propertyPath: m_AnchoredPosition.x
      value: 0
      objectReference: {fileID: 0}
    m_RemovedComponents: []
  m_SourcePrefab: {fileID: 100100000, guid: c6a64837bf9291a42a346ccd1ad278b8, type: 3}
--- !u!4 &1404377918553897338 stripped
Transform:
  m_CorrespondingSourceObject: {fileID: 3901069743797510090, guid: c6a64837bf9291a42a346ccd1ad278b8, type: 3}
  m_PrefabInstance: {fileID: 2692651224944977584}
  m_PrefabAsset: {fileID: 0}
--- !u!1001 &2722769750501580579
PrefabInstance:
  m_ObjectHideFlags: 0
  serializedVersion: 2
  m_Modification:
    m_TransformParent: {fileID: 7209151643971928766}
    m_Modifications:
    - target: {fileID: 1612153672944203229, guid: 6d3fb5f0488a8b541831519f15c609d6, type: 3}
      propertyPath: m_Name
      value: RotatingObstacle2
      objectReference: {fileID: 0}
    - target: {fileID: 2095393828522323815, guid: 6d3fb5f0488a8b541831519f15c609d6, type: 3}
      propertyPath: m_RootOrder
      value: 7
      objectReference: {fileID: 0}
    - target: {fileID: 2095393828522323815, guid: 6d3fb5f0488a8b541831519f15c609d6, type: 3}
      propertyPath: m_LocalPosition.x
      value: 0
      objectReference: {fileID: 0}
    - target: {fileID: 2095393828522323815, guid: 6d3fb5f0488a8b541831519f15c609d6, type: 3}
      propertyPath: m_LocalPosition.y
      value: 0
      objectReference: {fileID: 0}
    - target: {fileID: 2095393828522323815, guid: 6d3fb5f0488a8b541831519f15c609d6, type: 3}
      propertyPath: m_LocalPosition.z
      value: -19.703129
      objectReference: {fileID: 0}
    - target: {fileID: 2095393828522323815, guid: 6d3fb5f0488a8b541831519f15c609d6, type: 3}
      propertyPath: m_LocalRotation.w
      value: 1
      objectReference: {fileID: 0}
    - target: {fileID: 2095393828522323815, guid: 6d3fb5f0488a8b541831519f15c609d6, type: 3}
      propertyPath: m_LocalRotation.x
      value: 0.000000021855694
      objectReference: {fileID: 0}
    - target: {fileID: 2095393828522323815, guid: 6d3fb5f0488a8b541831519f15c609d6, type: 3}
      propertyPath: m_LocalRotation.y
      value: -0
      objectReference: {fileID: 0}
    - target: {fileID: 2095393828522323815, guid: 6d3fb5f0488a8b541831519f15c609d6, type: 3}
      propertyPath: m_LocalRotation.z
      value: -0
      objectReference: {fileID: 0}
    - target: {fileID: 2095393828522323815, guid: 6d3fb5f0488a8b541831519f15c609d6, type: 3}
      propertyPath: m_LocalEulerAnglesHint.x
      value: 0
      objectReference: {fileID: 0}
    - target: {fileID: 2095393828522323815, guid: 6d3fb5f0488a8b541831519f15c609d6, type: 3}
      propertyPath: m_LocalEulerAnglesHint.y
      value: 0
      objectReference: {fileID: 0}
    - target: {fileID: 2095393828522323815, guid: 6d3fb5f0488a8b541831519f15c609d6, type: 3}
      propertyPath: m_LocalEulerAnglesHint.z
      value: 0
      objectReference: {fileID: 0}
    m_RemovedComponents: []
  m_SourcePrefab: {fileID: 100100000, guid: 6d3fb5f0488a8b541831519f15c609d6, type: 3}
--- !u!4 &4097551341689057348 stripped
Transform:
  m_CorrespondingSourceObject: {fileID: 2095393828522323815, guid: 6d3fb5f0488a8b541831519f15c609d6, type: 3}
  m_PrefabInstance: {fileID: 2722769750501580579}
  m_PrefabAsset: {fileID: 0}
--- !u!1001 &2943094152396508673
PrefabInstance:
  m_ObjectHideFlags: 0
  serializedVersion: 2
  m_Modification:
    m_TransformParent: {fileID: 8496260069462705050}
    m_Modifications:
    - target: {fileID: 3693209059770686460, guid: 931cceb7ae665ba48bc577855d17ba39, type: 3}
      propertyPath: SpawnSize
      value: 4
      objectReference: {fileID: 0}
    - target: {fileID: 3693209059770686460, guid: 931cceb7ae665ba48bc577855d17ba39, type: 3}
      propertyPath: _SpawnDelay
      value: 5
      objectReference: {fileID: 0}
    - target: {fileID: 3901069743797510090, guid: 931cceb7ae665ba48bc577855d17ba39, type: 3}
      propertyPath: m_RootOrder
      value: 0
      objectReference: {fileID: 0}
    - target: {fileID: 3901069743797510090, guid: 931cceb7ae665ba48bc577855d17ba39, type: 3}
      propertyPath: m_LocalPosition.x
      value: 25
      objectReference: {fileID: 0}
    - target: {fileID: 3901069743797510090, guid: 931cceb7ae665ba48bc577855d17ba39, type: 3}
      propertyPath: m_LocalPosition.y
      value: 0
      objectReference: {fileID: 0}
    - target: {fileID: 3901069743797510090, guid: 931cceb7ae665ba48bc577855d17ba39, type: 3}
      propertyPath: m_LocalPosition.z
      value: -90
      objectReference: {fileID: 0}
    - target: {fileID: 3901069743797510090, guid: 931cceb7ae665ba48bc577855d17ba39, type: 3}
      propertyPath: m_LocalRotation.w
      value: 1
      objectReference: {fileID: 0}
    - target: {fileID: 3901069743797510090, guid: 931cceb7ae665ba48bc577855d17ba39, type: 3}
      propertyPath: m_LocalRotation.x
      value: -0
      objectReference: {fileID: 0}
    - target: {fileID: 3901069743797510090, guid: 931cceb7ae665ba48bc577855d17ba39, type: 3}
      propertyPath: m_LocalRotation.y
      value: -0
      objectReference: {fileID: 0}
    - target: {fileID: 3901069743797510090, guid: 931cceb7ae665ba48bc577855d17ba39, type: 3}
      propertyPath: m_LocalRotation.z
      value: -0
      objectReference: {fileID: 0}
    - target: {fileID: 3901069743797510090, guid: 931cceb7ae665ba48bc577855d17ba39, type: 3}
      propertyPath: m_LocalEulerAnglesHint.x
      value: 0
      objectReference: {fileID: 0}
    - target: {fileID: 3901069743797510090, guid: 931cceb7ae665ba48bc577855d17ba39, type: 3}
      propertyPath: m_LocalEulerAnglesHint.y
      value: 0
      objectReference: {fileID: 0}
    - target: {fileID: 3901069743797510090, guid: 931cceb7ae665ba48bc577855d17ba39, type: 3}
      propertyPath: m_LocalEulerAnglesHint.z
      value: 0
      objectReference: {fileID: 0}
    - target: {fileID: 3901069743797510094, guid: 931cceb7ae665ba48bc577855d17ba39, type: 3}
      propertyPath: m_Name
      value: Spawner
      objectReference: {fileID: 0}
    m_RemovedComponents: []
  m_SourcePrefab: {fileID: 100100000, guid: 931cceb7ae665ba48bc577855d17ba39, type: 3}
--- !u!4 &2230577910866809291 stripped
Transform:
  m_CorrespondingSourceObject: {fileID: 3901069743797510090, guid: 931cceb7ae665ba48bc577855d17ba39, type: 3}
  m_PrefabInstance: {fileID: 2943094152396508673}
  m_PrefabAsset: {fileID: 0}
--- !u!1001 &3317286722302853780
PrefabInstance:
  m_ObjectHideFlags: 0
  serializedVersion: 2
  m_Modification:
    m_TransformParent: {fileID: 7209151643971928766}
    m_Modifications:
    - target: {fileID: 7145597346314354851, guid: f195b6441e11ab14fbbd8d1ed41182c7, type: 3}
      propertyPath: m_Name
      value: obstacle08 (4)
      objectReference: {fileID: 0}
    - target: {fileID: 7521453664678631961, guid: f195b6441e11ab14fbbd8d1ed41182c7, type: 3}
      propertyPath: m_RootOrder
      value: 8
      objectReference: {fileID: 0}
    - target: {fileID: 7521453664678631961, guid: f195b6441e11ab14fbbd8d1ed41182c7, type: 3}
      propertyPath: m_LocalPosition.x
      value: -29
      objectReference: {fileID: 0}
    - target: {fileID: 7521453664678631961, guid: f195b6441e11ab14fbbd8d1ed41182c7, type: 3}
      propertyPath: m_LocalPosition.y
      value: 0
      objectReference: {fileID: 0}
    - target: {fileID: 7521453664678631961, guid: f195b6441e11ab14fbbd8d1ed41182c7, type: 3}
      propertyPath: m_LocalPosition.z
      value: 5
      objectReference: {fileID: 0}
    - target: {fileID: 7521453664678631961, guid: f195b6441e11ab14fbbd8d1ed41182c7, type: 3}
      propertyPath: m_LocalRotation.w
      value: -0.000008761882
      objectReference: {fileID: 0}
    - target: {fileID: 7521453664678631961, guid: f195b6441e11ab14fbbd8d1ed41182c7, type: 3}
      propertyPath: m_LocalRotation.x
      value: -0
      objectReference: {fileID: 0}
    - target: {fileID: 7521453664678631961, guid: f195b6441e11ab14fbbd8d1ed41182c7, type: 3}
      propertyPath: m_LocalRotation.y
      value: -1
      objectReference: {fileID: 0}
    - target: {fileID: 7521453664678631961, guid: f195b6441e11ab14fbbd8d1ed41182c7, type: 3}
      propertyPath: m_LocalRotation.z
      value: -0
      objectReference: {fileID: 0}
    - target: {fileID: 7521453664678631961, guid: f195b6441e11ab14fbbd8d1ed41182c7, type: 3}
      propertyPath: m_LocalEulerAnglesHint.x
      value: 0
      objectReference: {fileID: 0}
    - target: {fileID: 7521453664678631961, guid: f195b6441e11ab14fbbd8d1ed41182c7, type: 3}
      propertyPath: m_LocalEulerAnglesHint.y
      value: 539.999
      objectReference: {fileID: 0}
    - target: {fileID: 7521453664678631961, guid: f195b6441e11ab14fbbd8d1ed41182c7, type: 3}
      propertyPath: m_LocalEulerAnglesHint.z
      value: 0
      objectReference: {fileID: 0}
    m_RemovedComponents: []
  m_SourcePrefab: {fileID: 100100000, guid: f195b6441e11ab14fbbd8d1ed41182c7, type: 3}
--- !u!4 &5073530325511018637 stripped
Transform:
  m_CorrespondingSourceObject: {fileID: 7521453664678631961, guid: f195b6441e11ab14fbbd8d1ed41182c7, type: 3}
  m_PrefabInstance: {fileID: 3317286722302853780}
  m_PrefabAsset: {fileID: 0}
--- !u!1001 &4936216888868478222
PrefabInstance:
  m_ObjectHideFlags: 0
  serializedVersion: 2
  m_Modification:
    m_TransformParent: {fileID: 7209151643971928766}
    m_Modifications:
    - target: {fileID: 7145597346314354851, guid: f195b6441e11ab14fbbd8d1ed41182c7, type: 3}
      propertyPath: m_Name
      value: obstacle08
      objectReference: {fileID: 0}
    - target: {fileID: 7521453664678631961, guid: f195b6441e11ab14fbbd8d1ed41182c7, type: 3}
      propertyPath: m_RootOrder
      value: 3
      objectReference: {fileID: 0}
    - target: {fileID: 7521453664678631961, guid: f195b6441e11ab14fbbd8d1ed41182c7, type: 3}
      propertyPath: m_LocalPosition.x
      value: -10
      objectReference: {fileID: 0}
    - target: {fileID: 7521453664678631961, guid: f195b6441e11ab14fbbd8d1ed41182c7, type: 3}
      propertyPath: m_LocalPosition.y
      value: 0
      objectReference: {fileID: 0}
    - target: {fileID: 7521453664678631961, guid: f195b6441e11ab14fbbd8d1ed41182c7, type: 3}
      propertyPath: m_LocalPosition.z
      value: 37.842125
      objectReference: {fileID: 0}
    - target: {fileID: 7521453664678631961, guid: f195b6441e11ab14fbbd8d1ed41182c7, type: 3}
      propertyPath: m_LocalRotation.w
      value: 0.0000029504295
      objectReference: {fileID: 0}
    - target: {fileID: 7521453664678631961, guid: f195b6441e11ab14fbbd8d1ed41182c7, type: 3}
      propertyPath: m_LocalRotation.x
      value: -0
      objectReference: {fileID: 0}
    - target: {fileID: 7521453664678631961, guid: f195b6441e11ab14fbbd8d1ed41182c7, type: 3}
      propertyPath: m_LocalRotation.y
      value: 1
      objectReference: {fileID: 0}
    - target: {fileID: 7521453664678631961, guid: f195b6441e11ab14fbbd8d1ed41182c7, type: 3}
      propertyPath: m_LocalRotation.z
      value: -0
      objectReference: {fileID: 0}
    - target: {fileID: 7521453664678631961, guid: f195b6441e11ab14fbbd8d1ed41182c7, type: 3}
      propertyPath: m_LocalEulerAnglesHint.x
      value: 0
      objectReference: {fileID: 0}
    - target: {fileID: 7521453664678631961, guid: f195b6441e11ab14fbbd8d1ed41182c7, type: 3}
      propertyPath: m_LocalEulerAnglesHint.y
      value: 180
      objectReference: {fileID: 0}
    - target: {fileID: 7521453664678631961, guid: f195b6441e11ab14fbbd8d1ed41182c7, type: 3}
      propertyPath: m_LocalEulerAnglesHint.z
      value: 0
      objectReference: {fileID: 0}
    m_RemovedComponents: []
  m_SourcePrefab: {fileID: 100100000, guid: f195b6441e11ab14fbbd8d1ed41182c7, type: 3}
--- !u!4 &3233977446914115351 stripped
Transform:
  m_CorrespondingSourceObject: {fileID: 7521453664678631961, guid: f195b6441e11ab14fbbd8d1ed41182c7, type: 3}
  m_PrefabInstance: {fileID: 4936216888868478222}
  m_PrefabAsset: {fileID: 0}
--- !u!1001 &5116293686269183829
PrefabInstance:
  m_ObjectHideFlags: 0
  serializedVersion: 2
  m_Modification:
    m_TransformParent: {fileID: 7209151643971928766}
    m_Modifications:
    - target: {fileID: 6218563862903881105, guid: 09388b17e4ec04640a285acc8ea45938, type: 3}
      propertyPath: m_Name
      value: Environment2
      objectReference: {fileID: 0}
    - target: {fileID: 7453768634087521037, guid: 09388b17e4ec04640a285acc8ea45938, type: 3}
      propertyPath: m_RootOrder
      value: 10
      objectReference: {fileID: 0}
    - target: {fileID: 7453768634087521037, guid: 09388b17e4ec04640a285acc8ea45938, type: 3}
      propertyPath: m_LocalPosition.x
      value: 0
      objectReference: {fileID: 0}
    - target: {fileID: 7453768634087521037, guid: 09388b17e4ec04640a285acc8ea45938, type: 3}
      propertyPath: m_LocalPosition.y
      value: 0
      objectReference: {fileID: 0}
    - target: {fileID: 7453768634087521037, guid: 09388b17e4ec04640a285acc8ea45938, type: 3}
      propertyPath: m_LocalPosition.z
      value: 0
      objectReference: {fileID: 0}
    - target: {fileID: 7453768634087521037, guid: 09388b17e4ec04640a285acc8ea45938, type: 3}
      propertyPath: m_LocalRotation.w
      value: 1
      objectReference: {fileID: 0}
    - target: {fileID: 7453768634087521037, guid: 09388b17e4ec04640a285acc8ea45938, type: 3}
      propertyPath: m_LocalRotation.x
      value: 0
      objectReference: {fileID: 0}
    - target: {fileID: 7453768634087521037, guid: 09388b17e4ec04640a285acc8ea45938, type: 3}
      propertyPath: m_LocalRotation.y
      value: 0
      objectReference: {fileID: 0}
    - target: {fileID: 7453768634087521037, guid: 09388b17e4ec04640a285acc8ea45938, type: 3}
      propertyPath: m_LocalRotation.z
      value: 0
      objectReference: {fileID: 0}
    - target: {fileID: 7453768634087521037, guid: 09388b17e4ec04640a285acc8ea45938, type: 3}
      propertyPath: m_LocalEulerAnglesHint.x
      value: 0
      objectReference: {fileID: 0}
    - target: {fileID: 7453768634087521037, guid: 09388b17e4ec04640a285acc8ea45938, type: 3}
      propertyPath: m_LocalEulerAnglesHint.y
      value: 0
      objectReference: {fileID: 0}
    - target: {fileID: 7453768634087521037, guid: 09388b17e4ec04640a285acc8ea45938, type: 3}
      propertyPath: m_LocalEulerAnglesHint.z
      value: 0
      objectReference: {fileID: 0}
    m_RemovedComponents: []
  m_SourcePrefab: {fileID: 100100000, guid: 09388b17e4ec04640a285acc8ea45938, type: 3}
--- !u!4 &2337826791539489880 stripped
Transform:
  m_CorrespondingSourceObject: {fileID: 7453768634087521037, guid: 09388b17e4ec04640a285acc8ea45938, type: 3}
  m_PrefabInstance: {fileID: 5116293686269183829}
  m_PrefabAsset: {fileID: 0}
--- !u!1001 &5558202973803114154
PrefabInstance:
  m_ObjectHideFlags: 0
  serializedVersion: 2
  m_Modification:
    m_TransformParent: {fileID: 7209151643971928766}
    m_Modifications:
    - target: {fileID: 2085674760098323675, guid: ed04e03af169ce342894926eb0237040, type: 3}
      propertyPath: Collectables.Array.size
      value: 10
      objectReference: {fileID: 0}
    - target: {fileID: 2085674760098323675, guid: ed04e03af169ce342894926eb0237040, type: 3}
      propertyPath: Collectables.Array.data[0].ActiveValue
      value: 15
      objectReference: {fileID: 0}
    - target: {fileID: 2085674760098323675, guid: ed04e03af169ce342894926eb0237040, type: 3}
      propertyPath: Collectables.Array.data[0].Probability
      value: 5
      objectReference: {fileID: 0}
    - target: {fileID: 2085674760098323675, guid: ed04e03af169ce342894926eb0237040, type: 3}
      propertyPath: Collectables.Array.data[1].ActiveValue
      value: 5
      objectReference: {fileID: 0}
    - target: {fileID: 2085674760098323675, guid: ed04e03af169ce342894926eb0237040, type: 3}
      propertyPath: Collectables.Array.data[1].Probability
      value: 5
      objectReference: {fileID: 0}
    - target: {fileID: 2085674760098323675, guid: ed04e03af169ce342894926eb0237040, type: 3}
      propertyPath: Collectables.Array.data[2].ActiveValue
      value: 10
      objectReference: {fileID: 0}
    - target: {fileID: 2085674760098323675, guid: ed04e03af169ce342894926eb0237040, type: 3}
      propertyPath: Collectables.Array.data[2].Probability
      value: 5
      objectReference: {fileID: 0}
    - target: {fileID: 2085674760098323675, guid: ed04e03af169ce342894926eb0237040, type: 3}
      propertyPath: Collectables.Array.data[3].ActiveValue
      value: 15
      objectReference: {fileID: 0}
    - target: {fileID: 2085674760098323675, guid: ed04e03af169ce342894926eb0237040, type: 3}
      propertyPath: Collectables.Array.data[3].Probability
      value: 10
      objectReference: {fileID: 0}
    - target: {fileID: 2085674760098323675, guid: ed04e03af169ce342894926eb0237040, type: 3}
      propertyPath: Collectables.Array.data[4].ActiveValue
      value: 5
      objectReference: {fileID: 0}
    - target: {fileID: 2085674760098323675, guid: ed04e03af169ce342894926eb0237040, type: 3}
      propertyPath: Collectables.Array.data[4].Probability
      value: 10
      objectReference: {fileID: 0}
    - target: {fileID: 2085674760098323675, guid: ed04e03af169ce342894926eb0237040, type: 3}
      propertyPath: Collectables.Array.data[5].ActiveValue
      value: 10
      objectReference: {fileID: 0}
    - target: {fileID: 2085674760098323675, guid: ed04e03af169ce342894926eb0237040, type: 3}
      propertyPath: Collectables.Array.data[5].Probability
      value: 10
      objectReference: {fileID: 0}
    - target: {fileID: 2085674760098323675, guid: ed04e03af169ce342894926eb0237040, type: 3}
      propertyPath: Collectables.Array.data[6].ActiveValue
      value: 2
      objectReference: {fileID: 0}
    - target: {fileID: 2085674760098323675, guid: ed04e03af169ce342894926eb0237040, type: 3}
      propertyPath: Collectables.Array.data[6].Probability
      value: 10
      objectReference: {fileID: 0}
    - target: {fileID: 2085674760098323675, guid: ed04e03af169ce342894926eb0237040, type: 3}
      propertyPath: Collectables.Array.data[7].ActiveValue
      value: 3
      objectReference: {fileID: 0}
    - target: {fileID: 2085674760098323675, guid: ed04e03af169ce342894926eb0237040, type: 3}
      propertyPath: Collectables.Array.data[7].Probability
      value: 10
      objectReference: {fileID: 0}
    - target: {fileID: 2085674760098323675, guid: ed04e03af169ce342894926eb0237040, type: 3}
      propertyPath: Collectables.Array.data[8].ActiveValue
      value: 2
      objectReference: {fileID: 0}
    - target: {fileID: 2085674760098323675, guid: ed04e03af169ce342894926eb0237040, type: 3}
      propertyPath: Collectables.Array.data[8].Probability
      value: 5
      objectReference: {fileID: 0}
    - target: {fileID: 2085674760098323675, guid: ed04e03af169ce342894926eb0237040, type: 3}
      propertyPath: Collectables.Array.data[9].ActiveValue
      value: 3
      objectReference: {fileID: 0}
    - target: {fileID: 2085674760098323675, guid: ed04e03af169ce342894926eb0237040, type: 3}
      propertyPath: Collectables.Array.data[9].Probability
      value: 5
      objectReference: {fileID: 0}
    - target: {fileID: 2085674760098323675, guid: ed04e03af169ce342894926eb0237040, type: 3}
      propertyPath: Collectables.Array.data[10].ActiveValue
      value: 5
      objectReference: {fileID: 0}
    - target: {fileID: 2085674760098323675, guid: ed04e03af169ce342894926eb0237040, type: 3}
      propertyPath: Collectables.Array.data[10].Probability
      value: 1.8
      objectReference: {fileID: 0}
    - target: {fileID: 2085674760098323675, guid: ed04e03af169ce342894926eb0237040, type: 3}
      propertyPath: Collectables.Array.data[3].CollectableId
      value: 10
      objectReference: {fileID: 0}
    - target: {fileID: 2085674760098323675, guid: ed04e03af169ce342894926eb0237040, type: 3}
      propertyPath: Collectables.Array.data[6].CollectableId
      value: 9
      objectReference: {fileID: 0}
    - target: {fileID: 2085674760098323675, guid: ed04e03af169ce342894926eb0237040, type: 3}
      propertyPath: Collectables.Array.data[7].CollectableId
      value: 9
      objectReference: {fileID: 0}
    - target: {fileID: 2085674760098323675, guid: ed04e03af169ce342894926eb0237040, type: 3}
      propertyPath: Collectables.Array.data[8].CollectableId
      value: 12
      objectReference: {fileID: 0}
    - target: {fileID: 2085674760098323675, guid: ed04e03af169ce342894926eb0237040, type: 3}
      propertyPath: Collectables.Array.data[9].CollectableId
      value: 12
      objectReference: {fileID: 0}
    - target: {fileID: 3155657280042127963, guid: ed04e03af169ce342894926eb0237040, type: 3}
      propertyPath: m_RootOrder
      value: 0
      objectReference: {fileID: 0}
    - target: {fileID: 3155657280042127963, guid: ed04e03af169ce342894926eb0237040, type: 3}
      propertyPath: m_LocalPosition.x
      value: 0
      objectReference: {fileID: 0}
    - target: {fileID: 3155657280042127963, guid: ed04e03af169ce342894926eb0237040, type: 3}
      propertyPath: m_LocalPosition.y
      value: 0
      objectReference: {fileID: 0}
    - target: {fileID: 3155657280042127963, guid: ed04e03af169ce342894926eb0237040, type: 3}
      propertyPath: m_LocalPosition.z
      value: 0
      objectReference: {fileID: 0}
    - target: {fileID: 3155657280042127963, guid: ed04e03af169ce342894926eb0237040, type: 3}
      propertyPath: m_LocalRotation.w
      value: 1
      objectReference: {fileID: 0}
    - target: {fileID: 3155657280042127963, guid: ed04e03af169ce342894926eb0237040, type: 3}
      propertyPath: m_LocalRotation.x
      value: 0
      objectReference: {fileID: 0}
    - target: {fileID: 3155657280042127963, guid: ed04e03af169ce342894926eb0237040, type: 3}
      propertyPath: m_LocalRotation.y
      value: 0
      objectReference: {fileID: 0}
    - target: {fileID: 3155657280042127963, guid: ed04e03af169ce342894926eb0237040, type: 3}
      propertyPath: m_LocalRotation.z
      value: 0
      objectReference: {fileID: 0}
    - target: {fileID: 3155657280042127963, guid: ed04e03af169ce342894926eb0237040, type: 3}
      propertyPath: m_LocalEulerAnglesHint.x
      value: 0
      objectReference: {fileID: 0}
    - target: {fileID: 3155657280042127963, guid: ed04e03af169ce342894926eb0237040, type: 3}
      propertyPath: m_LocalEulerAnglesHint.y
      value: 0
      objectReference: {fileID: 0}
    - target: {fileID: 3155657280042127963, guid: ed04e03af169ce342894926eb0237040, type: 3}
      propertyPath: m_LocalEulerAnglesHint.z
      value: 0
      objectReference: {fileID: 0}
    - target: {fileID: 7807389820996645179, guid: ed04e03af169ce342894926eb0237040, type: 3}
      propertyPath: m_Name
      value: ProjectileSupplier
      objectReference: {fileID: 0}
    m_RemovedComponents: []
  m_SourcePrefab: {fileID: 100100000, guid: ed04e03af169ce342894926eb0237040, type: 3}
--- !u!4 &7415618465245215985 stripped
Transform:
  m_CorrespondingSourceObject: {fileID: 3155657280042127963, guid: ed04e03af169ce342894926eb0237040, type: 3}
  m_PrefabInstance: {fileID: 5558202973803114154}
  m_PrefabAsset: {fileID: 0}
--- !u!1001 &5774332660095735911
PrefabInstance:
  m_ObjectHideFlags: 0
  serializedVersion: 2
  m_Modification:
    m_TransformParent: {fileID: 8496260069462705050}
    m_Modifications:
    - target: {fileID: 3693209059770686460, guid: 931cceb7ae665ba48bc577855d17ba39, type: 3}
      propertyPath: SpawnSize
      value: 4
      objectReference: {fileID: 0}
    - target: {fileID: 3693209059770686460, guid: 931cceb7ae665ba48bc577855d17ba39, type: 3}
      propertyPath: _SpawnDelay
      value: 5
      objectReference: {fileID: 0}
    - target: {fileID: 3901069743797510090, guid: 931cceb7ae665ba48bc577855d17ba39, type: 3}
      propertyPath: m_RootOrder
      value: 2
      objectReference: {fileID: 0}
    - target: {fileID: 3901069743797510090, guid: 931cceb7ae665ba48bc577855d17ba39, type: 3}
      propertyPath: m_LocalPosition.x
      value: 0
      objectReference: {fileID: 0}
    - target: {fileID: 3901069743797510090, guid: 931cceb7ae665ba48bc577855d17ba39, type: 3}
      propertyPath: m_LocalPosition.y
      value: 0
      objectReference: {fileID: 0}
    - target: {fileID: 3901069743797510090, guid: 931cceb7ae665ba48bc577855d17ba39, type: 3}
      propertyPath: m_LocalPosition.z
      value: -84
      objectReference: {fileID: 0}
    - target: {fileID: 3901069743797510090, guid: 931cceb7ae665ba48bc577855d17ba39, type: 3}
      propertyPath: m_LocalRotation.w
      value: 1
      objectReference: {fileID: 0}
    - target: {fileID: 3901069743797510090, guid: 931cceb7ae665ba48bc577855d17ba39, type: 3}
      propertyPath: m_LocalRotation.x
      value: -0
      objectReference: {fileID: 0}
    - target: {fileID: 3901069743797510090, guid: 931cceb7ae665ba48bc577855d17ba39, type: 3}
      propertyPath: m_LocalRotation.y
      value: -0
      objectReference: {fileID: 0}
    - target: {fileID: 3901069743797510090, guid: 931cceb7ae665ba48bc577855d17ba39, type: 3}
      propertyPath: m_LocalRotation.z
      value: -0
      objectReference: {fileID: 0}
    - target: {fileID: 3901069743797510090, guid: 931cceb7ae665ba48bc577855d17ba39, type: 3}
      propertyPath: m_LocalEulerAnglesHint.x
      value: 0
      objectReference: {fileID: 0}
    - target: {fileID: 3901069743797510090, guid: 931cceb7ae665ba48bc577855d17ba39, type: 3}
      propertyPath: m_LocalEulerAnglesHint.y
      value: 0
      objectReference: {fileID: 0}
    - target: {fileID: 3901069743797510090, guid: 931cceb7ae665ba48bc577855d17ba39, type: 3}
      propertyPath: m_LocalEulerAnglesHint.z
      value: 0
      objectReference: {fileID: 0}
    - target: {fileID: 3901069743797510094, guid: 931cceb7ae665ba48bc577855d17ba39, type: 3}
      propertyPath: m_Name
      value: Spawner (2)
      objectReference: {fileID: 0}
    - target: {fileID: 3901069743797510094, guid: 931cceb7ae665ba48bc577855d17ba39, type: 3}
      propertyPath: m_IsActive
      value: 1
      objectReference: {fileID: 0}
    m_RemovedComponents: []
  m_SourcePrefab: {fileID: 100100000, guid: 931cceb7ae665ba48bc577855d17ba39, type: 3}
--- !u!4 &7350418534593349549 stripped
Transform:
  m_CorrespondingSourceObject: {fileID: 3901069743797510090, guid: 931cceb7ae665ba48bc577855d17ba39, type: 3}
  m_PrefabInstance: {fileID: 5774332660095735911}
  m_PrefabAsset: {fileID: 0}
--- !u!1001 &5808282129794883237
PrefabInstance:
  m_ObjectHideFlags: 0
  serializedVersion: 2
  m_Modification:
    m_TransformParent: {fileID: 7209151643971928766}
    m_Modifications:
    - target: {fileID: 7145597346314354851, guid: f195b6441e11ab14fbbd8d1ed41182c7, type: 3}
      propertyPath: m_Name
      value: obstacle08 (5)
      objectReference: {fileID: 0}
    - target: {fileID: 7521453664678631961, guid: f195b6441e11ab14fbbd8d1ed41182c7, type: 3}
      propertyPath: m_RootOrder
      value: 9
      objectReference: {fileID: 0}
    - target: {fileID: 7521453664678631961, guid: f195b6441e11ab14fbbd8d1ed41182c7, type: 3}
      propertyPath: m_LocalPosition.x
      value: 29
      objectReference: {fileID: 0}
    - target: {fileID: 7521453664678631961, guid: f195b6441e11ab14fbbd8d1ed41182c7, type: 3}
      propertyPath: m_LocalPosition.y
      value: 0.000027894974
      objectReference: {fileID: 0}
    - target: {fileID: 7521453664678631961, guid: f195b6441e11ab14fbbd8d1ed41182c7, type: 3}
      propertyPath: m_LocalPosition.z
      value: 5
      objectReference: {fileID: 0}
    - target: {fileID: 7521453664678631961, guid: f195b6441e11ab14fbbd8d1ed41182c7, type: 3}
      propertyPath: m_LocalRotation.w
      value: -2.5039523e-11
      objectReference: {fileID: 0}
    - target: {fileID: 7521453664678631961, guid: f195b6441e11ab14fbbd8d1ed41182c7, type: 3}
      propertyPath: m_LocalRotation.x
      value: -1
      objectReference: {fileID: 0}
    - target: {fileID: 7521453664678631961, guid: f195b6441e11ab14fbbd8d1ed41182c7, type: 3}
      propertyPath: m_LocalRotation.y
      value: -0.00000295043
      objectReference: {fileID: 0}
    - target: {fileID: 7521453664678631961, guid: f195b6441e11ab14fbbd8d1ed41182c7, type: 3}
      propertyPath: m_LocalRotation.z
      value: -0.0000029504295
      objectReference: {fileID: 0}
    - target: {fileID: 7521453664678631961, guid: f195b6441e11ab14fbbd8d1ed41182c7, type: 3}
      propertyPath: m_LocalEulerAnglesHint.x
      value: 0
      objectReference: {fileID: 0}
    - target: {fileID: 7521453664678631961, guid: f195b6441e11ab14fbbd8d1ed41182c7, type: 3}
      propertyPath: m_LocalEulerAnglesHint.y
      value: 540
      objectReference: {fileID: 0}
    - target: {fileID: 7521453664678631961, guid: f195b6441e11ab14fbbd8d1ed41182c7, type: 3}
      propertyPath: m_LocalEulerAnglesHint.z
      value: 180
      objectReference: {fileID: 0}
    m_RemovedComponents: []
  m_SourcePrefab: {fileID: 100100000, guid: f195b6441e11ab14fbbd8d1ed41182c7, type: 3}
--- !u!4 &4105800251277214908 stripped
Transform:
  m_CorrespondingSourceObject: {fileID: 7521453664678631961, guid: f195b6441e11ab14fbbd8d1ed41182c7, type: 3}
  m_PrefabInstance: {fileID: 5808282129794883237}
  m_PrefabAsset: {fileID: 0}
--- !u!1001 &6207203235339930170
PrefabInstance:
  m_ObjectHideFlags: 0
  serializedVersion: 2
  m_Modification:
    m_TransformParent: {fileID: 7209151643971928766}
    m_Modifications:
    - target: {fileID: 7145597346314354851, guid: f195b6441e11ab14fbbd8d1ed41182c7, type: 3}
      propertyPath: m_Name
      value: obstacle08 (3)
      objectReference: {fileID: 0}
    - target: {fileID: 7521453664678631961, guid: f195b6441e11ab14fbbd8d1ed41182c7, type: 3}
      propertyPath: m_RootOrder
      value: 6
      objectReference: {fileID: 0}
    - target: {fileID: 7521453664678631961, guid: f195b6441e11ab14fbbd8d1ed41182c7, type: 3}
      propertyPath: m_LocalPosition.x
      value: -29
      objectReference: {fileID: 0}
    - target: {fileID: 7521453664678631961, guid: f195b6441e11ab14fbbd8d1ed41182c7, type: 3}
      propertyPath: m_LocalPosition.y
      value: 0.000027894974
      objectReference: {fileID: 0}
    - target: {fileID: 7521453664678631961, guid: f195b6441e11ab14fbbd8d1ed41182c7, type: 3}
      propertyPath: m_LocalPosition.z
      value: -73.3
      objectReference: {fileID: 0}
    - target: {fileID: 7521453664678631961, guid: f195b6441e11ab14fbbd8d1ed41182c7, type: 3}
      propertyPath: m_LocalRotation.w
      value: -0.0000029504295
      objectReference: {fileID: 0}
    - target: {fileID: 7521453664678631961, guid: f195b6441e11ab14fbbd8d1ed41182c7, type: 3}
      propertyPath: m_LocalRotation.x
      value: -0.000000014901161
      objectReference: {fileID: 0}
    - target: {fileID: 7521453664678631961, guid: f195b6441e11ab14fbbd8d1ed41182c7, type: 3}
      propertyPath: m_LocalRotation.y
      value: 1.6854074e-11
      objectReference: {fileID: 0}
    - target: {fileID: 7521453664678631961, guid: f195b6441e11ab14fbbd8d1ed41182c7, type: 3}
      propertyPath: m_LocalRotation.z
      value: -1
      objectReference: {fileID: 0}
    - target: {fileID: 7521453664678631961, guid: f195b6441e11ab14fbbd8d1ed41182c7, type: 3}
      propertyPath: m_LocalEulerAnglesHint.x
      value: 0
      objectReference: {fileID: 0}
    - target: {fileID: 7521453664678631961, guid: f195b6441e11ab14fbbd8d1ed41182c7, type: 3}
      propertyPath: m_LocalEulerAnglesHint.y
      value: 360
      objectReference: {fileID: 0}
    - target: {fileID: 7521453664678631961, guid: f195b6441e11ab14fbbd8d1ed41182c7, type: 3}
      propertyPath: m_LocalEulerAnglesHint.z
      value: 180
      objectReference: {fileID: 0}
    m_RemovedComponents: []
  m_SourcePrefab: {fileID: 100100000, guid: f195b6441e11ab14fbbd8d1ed41182c7, type: 3}
--- !u!4 &4487265511984156707 stripped
Transform:
  m_CorrespondingSourceObject: {fileID: 7521453664678631961, guid: f195b6441e11ab14fbbd8d1ed41182c7, type: 3}
  m_PrefabInstance: {fileID: 6207203235339930170}
  m_PrefabAsset: {fileID: 0}
--- !u!1001 &8973892847543825949
PrefabInstance:
  m_ObjectHideFlags: 0
  serializedVersion: 2
  m_Modification:
    m_TransformParent: {fileID: 5073800469420948513}
    m_Modifications:
    - target: {fileID: 3693209059770686460, guid: 2fdbff2f5952f6a468157e5a4c3fba2d, type: 3}
      propertyPath: SpawnSize
      value: 7
      objectReference: {fileID: 0}
    - target: {fileID: 3693209059770686460, guid: 2fdbff2f5952f6a468157e5a4c3fba2d, type: 3}
      propertyPath: _SpawnDelay
      value: 5
      objectReference: {fileID: 0}
    - target: {fileID: 3901069743797510090, guid: 2fdbff2f5952f6a468157e5a4c3fba2d, type: 3}
      propertyPath: m_RootOrder
      value: 1
      objectReference: {fileID: 0}
    - target: {fileID: 3901069743797510090, guid: 2fdbff2f5952f6a468157e5a4c3fba2d, type: 3}
      propertyPath: m_LocalPosition.x
      value: -25
      objectReference: {fileID: 0}
    - target: {fileID: 3901069743797510090, guid: 2fdbff2f5952f6a468157e5a4c3fba2d, type: 3}
      propertyPath: m_LocalPosition.y
      value: 0
      objectReference: {fileID: 0}
    - target: {fileID: 3901069743797510090, guid: 2fdbff2f5952f6a468157e5a4c3fba2d, type: 3}
      propertyPath: m_LocalPosition.z
      value: 50
      objectReference: {fileID: 0}
    - target: {fileID: 3901069743797510090, guid: 2fdbff2f5952f6a468157e5a4c3fba2d, type: 3}
      propertyPath: m_LocalRotation.w
      value: 1
      objectReference: {fileID: 0}
    - target: {fileID: 3901069743797510090, guid: 2fdbff2f5952f6a468157e5a4c3fba2d, type: 3}
      propertyPath: m_LocalRotation.x
      value: -0
      objectReference: {fileID: 0}
    - target: {fileID: 3901069743797510090, guid: 2fdbff2f5952f6a468157e5a4c3fba2d, type: 3}
      propertyPath: m_LocalRotation.y
      value: -0
      objectReference: {fileID: 0}
    - target: {fileID: 3901069743797510090, guid: 2fdbff2f5952f6a468157e5a4c3fba2d, type: 3}
      propertyPath: m_LocalRotation.z
      value: -0
      objectReference: {fileID: 0}
    - target: {fileID: 3901069743797510090, guid: 2fdbff2f5952f6a468157e5a4c3fba2d, type: 3}
      propertyPath: m_LocalEulerAnglesHint.x
      value: 0
      objectReference: {fileID: 0}
    - target: {fileID: 3901069743797510090, guid: 2fdbff2f5952f6a468157e5a4c3fba2d, type: 3}
      propertyPath: m_LocalEulerAnglesHint.y
      value: 0
      objectReference: {fileID: 0}
    - target: {fileID: 3901069743797510090, guid: 2fdbff2f5952f6a468157e5a4c3fba2d, type: 3}
      propertyPath: m_LocalEulerAnglesHint.z
      value: 0
      objectReference: {fileID: 0}
    - target: {fileID: 3901069743797510094, guid: 2fdbff2f5952f6a468157e5a4c3fba2d, type: 3}
      propertyPath: m_Name
      value: SpawnerEnemyTent
      objectReference: {fileID: 0}
    - target: {fileID: 3901069743797510094, guid: 2fdbff2f5952f6a468157e5a4c3fba2d, type: 3}
      propertyPath: m_IsActive
      value: 1
      objectReference: {fileID: 0}
    m_RemovedComponents: []
  m_SourcePrefab: {fileID: 100100000, guid: 2fdbff2f5952f6a468157e5a4c3fba2d, type: 3}
--- !u!4 &5380334516912499159 stripped
Transform:
  m_CorrespondingSourceObject: {fileID: 3901069743797510090, guid: 2fdbff2f5952f6a468157e5a4c3fba2d, type: 3}
  m_PrefabInstance: {fileID: 8973892847543825949}
  m_PrefabAsset: {fileID: 0}
